 Dungeon Crawl Stone Soup version 0.27.1-33-g824d729ab1 (webtiles) character file.

Game seed: 9713085536841129314

3187 lordive the Cudgeller (level 9, 0/127 HPs)
             Began as a Troll Berserker on Dec 27, 2021.
             Was a High Priest of Trog.
             Slain by a killer bee (3 damage)
             ... on level 7 of the Dungeon.
             The game lasted 00:10:24 (5577 turns).

lordive the Cudgeller (Troll Berserker)             Turns: 5577, Time: 00:10:24

Health: 0/127      AC:  6    Str: 30    XL:     9   Next: 64%
Magic:  8/8        EV: 10    Int:  3    God:    Trog [*****.]
Gold:   368        SH:  0    Dex:  9    Spells: 8/8 levels left

rFire    . . .     SeeInvis .   a - +1 flail (drain)
rCold    . . .     Faith    .   (no shield)
rNeg     . . .     Spirit   .   m - +0 troll leather armour {Purgy}
rPois    .         Reflect  .   (helmet restricted)
rElec    .         Harm     .   (no cloak)
rCorr    .         Rampage  .   (gloves unavailable)
Will     ++...                  (boots unavailable)
Stlth    ..........             (no amulet)
HPRegen  3.31/turn              (no ring)
MPRegen  0.11/turn              (no ring)

@: berserking, lethally poisoned (0 -> 0), strong-willed, regenerating, studying
Shields, very quick
A: large, unfitting armour, claws 3, regeneration 1, shaggy fur 1, tough skin 1
a: Renounce Religion, Berserk, Trog's Hand, Brothers in Arms


You were on level 7 of the Dungeon.
You worshipped Trog.
Trog was extremely pleased with you.
You visited 2 branches of the dungeon, and saw 9 of its levels.
You also visited: Ossuary.

You collected 407 gold pieces.
You spent 39 gold pieces at shops.

Inventory:

Hand Weapons
 a - a +1 flail of draining (weapon)
 b - a +0 giant club
 k - a +0 dire flail
 s - a +1 vampiric whip
Armour
 m - a +0 troll leather armour (worn) {Purgy}
Jewellery
 e - a ring of protection from cold
Wands
 l - a wand of paralysis (7)
 t - a wand of mindburst (17)
Scrolls
 f - 2 scrolls of magic mapping
 g - 6 scrolls of enchant armour {unknown}
 h - 2 scrolls of teleportation {unknown}
 i - a scroll of enchant weapon {unknown}
 r - 2 scrolls of blinking {unknown}
 u - a scroll of brand weapon {unknown}
Potions
 c - 2 potions of attraction
 d - a potion of heal wounds
 j - a potion of berserk rage
 n - a potion of resistance
 o - 3 potions of flight
 p - 2 potions of curing
 q - a potion of invisibility {unknown}


   Skills:
 + Level 4.7 Fighting
 - Level 3.0(5.3) Axes
 * Level 7.5(7.8) Maces & Flails
 + Level 2.8 Armour
 + Level 4.9 Dodging
 + Level 0.9 Stealth
 - Level 6.3 Unarmed Combat


You had 8 spell levels left.
You didn't know any spells.
Your spell library was empty.

Dungeon Overview and Level Annotations

Branches:
Dungeon (8/15)             Temple (1/1) D:5         Ossuary (visited)
   Lair: D:8-11

Altars:
Cheibriados
Elyvilon
Fedhas
Gozag
Hepliaklqana
Kikubaaqudgha
Makhleb
Nemelex Xobeh
Qazlal
Ru
Uskayaw
Vehumet
Wu Jian
Xom
Yredelemnul
Zin
The Shining One

Shops:
D:1 ?   D:2 ?[?=   D:6 *   D:7 =


Innate Abilities, Weirdness & Mutations

You are too large for most types of armour.
You have claws for hands.
Your natural rate of healing is unusually fast.
You are covered in fur. (AC +1)
You have tough skin. (AC +1)


Message History

The killer bee stings you but does no damage.
The killer bee closely misses you.
The killer bee stings you but does no damage. x2
Things that are here:
a +0 chain mail; a +0 war axe; a +0 club You feel very sick.
The killer bee closely misses you.
Unknown command.
A red film seems to cover your vision as you go berserk!
You feel yourself moving faster!
You feel mighty!
You feel very sick. The killer bee stings you.
* * * LOW HITPOINT WARNING * * *
The killer bee stings you.
* * * LOW HITPOINT WARNING * * *
You miss the killer bee.
You feel sick. The killer bee stings you!
* * * LOW HITPOINT WARNING * * *
You miss the killer bee.
You feel sick. The killer bee stings you.
* * * LOW HITPOINT WARNING * * *
You closely miss the killer bee.
You feel sick. The killer bee stings you.
* * * LOW HITPOINT WARNING * * *
The killer bee barely misses you.
You closely miss the killer bee.
You feel sick. The killer bee closely misses you.
You closely miss the killer bee.
You feel sick. The killer bee barely misses you.
You are too berserk!
You barely miss the killer bee.
You feel sick.
The killer bee stings you but does no damage.
The killer bee closely misses you.
You bludgeon the killer bee!!
You kill the killer bee!
Trog accepts your kill. The killer bee stings you!
* * * LOW HITPOINT WARNING * * *
Unknown command.
You hit the killer bee. You drain the killer bee.
The killer bee is severely wounded.
You feel sick. The killer bee stings you.
You die...

#.#
######.....................
#.#
#....>.######.###.#.#######
#.# #.###### #.# #.#.#
##... #.# #.#
######.###.#.###...# #.#
#.# #.......).........).
#.# #.#
#.###.####.#.#..)... #.#
#.######.# #.# #.#..|)....
#.# #.##...#.###.#
#.#.#.#!..# #.#
#.##.#.>yy@..####..........
#.#
#...(.:#[##...........#####
#.##
###.#.##.#...........##
#..# #.#.##.#.......#.<.#
##.# #.#.##.#.#.###...#.#
#.# #....#.#.#.# #.∩.#.#
#.# #..#.......# #...#.#
#.# ##.###......###.#...#
#.# #.#####.........###.#


You could see 2 killer bees.

Vanquished Creatures
  A water moccasin (D:7)
  Edmund (D:4)
  2 sky beasts
  Purgy (D:4)
  3 ice beasts (D:7)
  A black bear (D:7)
  A necrophage (D:6)
  An ogre (D:4)
  3 bullfrogs
  A kobold brigand (D:6)
  A phantom (D:4)
  Blork the orc (D:4)
  5 elf zombies (Ossuary)
  2 scorpions
  A killer bee (D:7)
  3 wights (D:7)
  4 human zombies (Ossuary)
  4 jellies
  A hound (D:5)
  3 centaur zombies (Ossuary)
  3 orc priests
  A bullfrog skeleton (D:4)
  Terence (D:2)
  9 orc wizards
  4 iguanas
  A killer bee zombie (D:7)
  A hound skeleton (D:5)
  4 mummies
  Robin (D:4)
  2 howler monkey skeletons
  5 adders
  A white imp (D:7)
  An ufetubus (D:7)
  3 dart slugs
  27 orcs
  7 ball pythons
  10 endoplasms
  7 hobgoblins
  5 jackals
  18 kobolds
  2 quokkas (D:4)
  8 bats
  3 frilled lizards
  15 goblins
  7 rats
186 creatures vanquished.

Vanquished Creatures (others)
  4 fungi (D:4)
  3 plants (D:4)
7 creatures vanquished.

Grand Total: 193 creatures vanquished

Notes
Turn   | Place    | Note
-------+----------+-------------------------------------------
     0 | D:1      | lordive the Troll Berserker began the quest for the Orb.
     0 | D:1      | Reached XP level 1. HP: 22/22 MP: 0/0
   176 | D:1      | Found Delewykhlo's Magic Scroll Shop.
   183 | D:1      | Reached XP level 2. HP: 29/29 MP: 1/1
   431 | D:1      | Reached ** piety under Trog
   620 | D:1      | Reached XP level 3. HP: 36/36 MP: 2/2
   644 | D:1      | Found a faded altar of an unknown god.
   900 | D:2      | Noticed Terence
   905 | D:2      | Killed Terence
   906 | D:2      | Reached skill level 1 in Unarmed Combat
   996 | D:2      | Reached XP level 4. HP: 39/44 MP: 3/3
  1061 | D:2      | Found Xerrioma's Magic Scroll Shop.
  1064 | D:2      | Bought a scroll of identify for 28 gold pieces
  1308 | D:2      | Found Voaghiq's Armour Emporium.
  1311 | D:2      | Found Tuople Raat's Magic Scroll Boutique.
  1319 | D:2      | Bought a scroll of noise for 11 gold pieces
  1360 | D:2      | Found Ynoor's Jewellery Boutique.
  1513 | D:3      | Found a radiant altar of Vehumet.
  2158 | D:4      | Reached *** piety under Trog
  2167 | D:4      | Found a basalt altar of Yredelemnul.
  2177 | D:4      | Reached XP level 5. HP: 39/52 MP: 4/4
  2217 | D:4      | Noticed Blork the orc
  2224 | D:4      | Killed Blork the orc
  2428 | D:4      | Reached XP level 6. HP: 59/61 MP: 5/5
  2438 | D:4      | Found a sand-covered staircase.
  2446 | Ossuary  | Entered an ossuary
  2486 | Ossuary  | Reached skill level 1 in Maces & Flails
  2545 | Ossuary  | Reached XP level 7. HP: 67/67 MP: 6/6
  2551 | Ossuary  | Reached skill level 5 in Unarmed Combat
  2598 | Ossuary  | Reached skill level 2 in Maces & Flails
  2831 | D:4      | Reached **** piety under Trog
  2831 | D:4      | Noticed Robin
  2841 | D:4      | Killed Robin
  2924 | D:4      | Reached XP level 8. HP: 75/75 MP: 7/7
  2951 | D:4      | Noticed Edmund
  2961 | D:4      | Killed Edmund
  3051 | D:4      | Reached skill level 3 in Maces & Flails
  3075 | D:4      | Found a blossoming altar of Fedhas.
  3121 | D:4      | Noticed Purgy
  3131 | D:4      | Killed Purgy
  3406 | D:5      | Entered Level 5 of the Dungeon
  3411 | D:5      | Reached skill level 4 in Maces & Flails
  3508 | D:5      | Found a staircase to the Ecumenical Temple.
  3526 | D:5      | Found a burning altar of Makhleb.
  3801 | Temple   | Entered the Ecumenical Temple
  3925 | D:6      | Found a stormy altar of Qazlal.
  4077 | D:6      | Reached skill level 5 in Maces & Flails
  4077 | D:6      | Reached skill level 1 in Armour
  4119 | D:6      | Found a glowing golden altar of the Shining One.
  4266 | D:6      | Reached ***** piety under Trog
  4271 | D:6      | Found Oseng's Assorted Antiques.
  4329 | D:6      | Reached XP level 9. HP: 73/84 MP: 8/8
  4601 | D:7      | Found Iguph's Jewellery Shop.
  4675 | D:7      | Identified the +1 falchion of Gyunaip {vamp, rF+ rCorr
                  | Dex+4 SInv}
  4716 | D:7      | Reached skill level 6 in Maces & Flails
  4804 | D:7      | Found a sacrificial altar of Ru.
  5012 | D:7      | Reached skill level 7 in Maces & Flails
  5570 | D:7      | HP: 5/127 [killer bee (7)]
  5576 | D:7      | HP: 1/127 [killer bee (8)]
  5577 | D:7      | Slain by a killer bee

Illustrated notes

Levels and vault maps discovered:
D:1:      roderic_octagonal_star, layout_loops_corners, serial_shops,
          nicolae_diamond_shop, shapermc_ecumenical_altar_flowoftime,
          minmay_tromino_v4_c
D:2:      layout_loops_ring, serial_shops, shop, nicolae_shop_behind_doors,
          shop, nicolae_shop_behind_doors, minmay_misc_feat_chi, uniq_terence
D:3:      layout_loops_ring, old_standard_altar, minmay_door_square
D:4:      layout_loops_corners, fedhas_altar_3, yredelemnul_altar_generic,
          gup_ossuary_entry_pyramid, uniq_robin, uniq_purgy, uniq_edmund,
          uniq_blork_the_orc
D:5:      layout_rooms, nicolae_overflow_hidden_temple,
          minmay_temple_entry_junction_2
D:6:      layout_loops_ring, mainiacjoe_overflow_alcove_1, old_standard_altar,
          serial_shops, nicolae_take_the_stairs
D:7:      layout_loops_ring, nicolae_ru_great_annihilating_truth, serial_shops,
          nicolae_shop_stone, minmay_manual_monolith
D:8:      minmay_curly_fans, layout_rooms, mainiacjoe_overflow_big_doors,
          lemuel_flamethrower_2
Temple:   cyrus_temple_forest

Skill      XL: |  1  2  3  4  5  6  7  8  9 |
---------------+----------------------------+-----
Axes           | 3 |  3.0
Unarmed Combat | 1 2 3 4 6 |  6.3
Dodging        | 3 4 |  4.9
Fighting       | 3 4 |  4.7
Maces & Flails | 1 2 5 7 |  7.5
Armour         | 2 |  2.8
Stealth        | |  0.9

Action                   |  1- 3 |  4- 6 |  7- 9 || total
-------------------------+-------+-------+-------++-------
Melee: Unarmed           |    81 |   143 |   105 ||   329
       Punch             |       |     5 |    13 ||    18
       Flail             |       |       |   304 ||   304
Invok: Berserk           |       |     2 |     1 ||     3
       Trog's Hand       |       |       |     1 ||     1
  Use: Scroll            |       |     4 |     5 ||     9
 Stab: Invisible         |       |       |     1 ||     1
Armor: Animal skin       |    31 |    58 |    25 ||   114
       Troll leather arm |       |       |   118 ||   118
Dodge: Dodged            |    36 |    69 |   220 ||   325
